 Dungeon Crawl Stone Soup version 0.29-a0-719-g0fec994a2d (webtiles) character file.

Game seed: 8102044162891621518

2201 CrazyBamboolord the Skirmisher (level 9, -7/69 HPs)
             Began as a Barachi Hunter on June 27, 2022.
             Was an Initiate of Ashenzari.
             Mangled by an orc warrior
             ... wielding a +0 mace
              (17 damage)
             ... on level 7 of the Dungeon.
             The game lasted 00:15:04 (6551 turns).

CrazyBamboolord the Skirmisher (Barachi Hunter)     Turns: 6551, Time: 00:15:05

Health: -7/69      AC:  9    Str: 12    XL:     9   Next: 34%
Magic:  9/9        EV: 15    Int: 10    God:    Ashenzari [......]
Gold:   316        SH:  0    Dex: 20    Spells: 8/8 levels left

rFire   . . .      SeeInvis +   a - +0 shortbow (venom)
rCold   . . .      Faith    .   (shield currently unavailable)
rNeg    . . .      Spirit   .   c - +0 leather armour
rPois   +          Reflect  .   r - +1 helmet
rElec   .          Harm     .   (no cloak)
rCorr   .          Rampage  .   s - +1 pair of gloves
Will    .....                   h - +0 pair of boots
Stlth   ++........              (no amulet)
HPRegen 0.21/turn               i - ring of see invisible
MPRegen 0.11/turn               A - ring of poison resistance

@: unable to hop, slow
A: amphibious, slowness 1, strong legs 1, +LOS
a: Hop, Renounce Religion


You were on level 7 of the Dungeon.
You worshipped Ashenzari.
Ashenzari was noncommittal.
You visited 2 branches of the dungeon, and saw 8 of its levels.

You collected 316 gold pieces.

Inventory:

Hand Weapons
 a - a +0 shortbow of venom (weapon)
 f - a +4 dire flail of freezing
Armour
 c - a +0 leather armour (worn)
 h - a +0 pair of boots (worn)
 r - a +1 helmet (worn)
 s - a +1 pair of gloves (worn)
Jewellery
 i - a ring of see invisible (left hand)
 A - a ring of poison resistance (right hand)
Wands
 v - a wand of mindburst (16)
 C - a wand of iceblast (7)
Scrolls
 b - a scroll of immolation
 j - a scroll of silence
 m - 5 scrolls of teleportation
 n - a scroll of enchant armour
 o - a scroll of brand weapon
 q - 2 scrolls of fear {unknown}
 u - 2 scrolls of enchant weapon {unknown}
 w - a scroll of noise {unknown}
 y - a scroll of acquirement {unknown}
 z - a scroll of fog {unknown}
Potions
 d - a potion of attraction
 e - a potion of flight
 g - a potion of magic
 k - 3 potions of curing
 l - 2 potions of brilliance
 p - 3 potions of heal wounds
 t - a potion of berserk rage
 x - a potion of lignification {unknown}
 B - a potion of might {unknown}


   Skills:
 * Level 6.2 Fighting
 * Level 10.0 Ranged Weapons
 * Level 4.6 Armour
 * Level 5.7 Dodging
 + Level 1.2 Stealth


You had 8 spell levels left.
You didn't know any spells.
Your spell library contained the following spells:

 Spells                   Type           Power      Damage    Failure   Level
 Sandblast                Erth           0%         2d4       43%         1
 Passwall                 Tmut/Erth      0%         N/A       58%         2
 Stone Arrow              Conj/Erth      0%         3d7       82%         3
 Cause Fear               Hex            0%         N/A       99%         4
 Dragon Form              Tmut           0%         N/A       100%        7
 Dragon's Call            Summ           0%         N/A       100%        9


Dungeon Overview and Level Annotations

Branches:
Dungeon (7/15)             Temple (1/1) D:7

Altars:
Ashenzari
Cheibriados
Dithmenos
Fedhas
Gozag
Hepliaklqana
Kikubaaqudgha
Makhleb
Nemelex Xobeh
Okawaru
Qazlal
Sif Muna
Trog
Uskayaw
Vehumet
Wu Jian
Yredelemnul
Zin

Annotations:
D:2 1 runed translucent door, Crazy Yiuf
D:6 1 runed translucent door, Zaque's ghost, novice OpTm


Innate Abilities, Weirdness & Mutations

You are amphibious.
You cover ground slowly.
You can hop short distances.
You have an extended range of vision and can be seen from far away.


Message History

The orc warrior is lightly wounded.
The orc warrior hits you with a +0 mace.
Fire: a) +0 shortbow (venom)
Press: ? - help, Shift-Dir - straight line, f/p - orc warrior
Aim: an orc warrior, wielding a +0 mace and wearing a +0 chain mail (moderately wounded, very poisoned, 67% to hit)
You shoot an arrow.
The arrow barely misses the orc warrior.
The arrow hits the orc!
You kill the orc!
The orc warrior barely misses you.
Fire: a) +0 shortbow (venom)
Press: ? - help, Shift-Dir - straight line, f/p - orc warrior
Aim: an orc warrior, wielding a +0 mace and wearing a +0 chain mail (moderately wounded, very poisoned, 67% to hit)
You shoot an arrow. The arrow hits the orc warrior.
The orc warrior looks as sick as possible!
The orc warrior is moderately wounded.
The orc warrior hits you with a +0 mace!
* * * LOW HITPOINT WARNING * * *
Fire: a) +0 shortbow (venom)
Press: ? - help, Shift-Dir - straight line, f/p - orc warrior
Aim: an orc warrior, wielding a +0 mace and wearing a +0 chain mail (heavily wounded, extremely poisoned, 67% to hit)
You shoot an arrow.
The arrow barely misses the orc warrior.
The orc warrior closely misses you.
Fire: a) +0 shortbow (venom)
Press: ? - help, Shift-Dir - straight line, f/p - orc warrior
Aim: an orc warrior, wielding a +0 mace and wearing a +0 chain mail (heavily wounded, extremely poisoned, 67% to hit)
You shoot an arrow.
The arrow barely misses the orc warrior.
The orc warrior closely misses you.
Fire: a) +0 shortbow (venom)
Press: ? - help, Shift-Dir - straight line, f/p - orc warrior
Aim: an orc warrior, wielding a +0 mace and wearing a +0 chain mail (heavily wounded, extremely poisoned, 67% to hit)
You shoot an arrow.
The arrow barely misses the orc warrior.
The orc warrior hits you with a +0 mace!
* * * LOW HITPOINT WARNING * * *
The orc warrior attacks as you move away!
The orc warrior hits you with a +0 mace!
You die...

#.##...##.######.#
#.##...##.# #.#
#.........######.#
#....>...........#
#................#
#.##...##........#
#.##...##........#
#............###.#
###..#..##...# #@#
#..........# #o#
########...# #.# ##. #####
#)# .... #######.######
.....
###............#####...(..
#.........#o..†..)........
#.........#.#....)#$......
#.........#.#######.####..


You could see an orc warrior (very poisoned).

Vanquished Creatures
  A wyvern (D:7)
  A steam dragon (D:6)
  A sky beast (D:6)
  An orc warrior (D:6)
  2 ice beasts
  A black bear (D:6)
  A centaur (D:7)
  A phantom (D:4)
  2 bullfrogs
  A kobold brigand (D:6)
  A necrophage (D:6)
  2 scorpions
  3 wights
  4 hounds
  A gnoll shaman (D:7)
  Natasha (thrice) (D:4)
  Terence (D:2)
  5 iguanas
  4 orc wizards
  Robin (D:2)
  7 adders
  8 gnolls
  5 white imps
  2 ufetubi
  6 dart slugs
  24 orcs
  2 ball pythons
  7 endoplasms
  A giant cockroach (D:1)
  8 hobgoblins
  3 jackals (D:5)
  2 bats (D:1)
  9 goblins
  4 kobolds
  7 rats
132 creatures vanquished.

Notes
Turn   | Place    | Note
-------+----------+-------------------------------------------
     0 | D:1      | CrazyBamboolord the Barachi Hunter began the quest for the
                  | Orb.
     0 | D:1      | Reached XP level 1. HP: 17/17 MP: 1/1
   150 | D:1      | Reached XP level 2. HP: 20/23 MP: 2/2
   618 | D:1      | Found a faded altar of an unknown god.
   766 | D:2      | Noticed Terence
   791 | D:2      | Killed Terence
   792 | D:2      | Reached skill level 1 in Armour
   792 | D:2      | Reached XP level 3. HP: 10/28 MP: 3/3
  1141 | D:2      | Reached XP level 4. HP: 34/34 MP: 4/4
  1235 | D:2      | Noticed Robin
  1253 | D:2      | Reached skill level 5 in Ranged Weapons
  1263 | D:2      | Killed Robin
  1824 | D:2      | Found a runed translucent door.
  1825 | D:2      | Noticed Crazy Yiuf
  2379 | D:3      | Found a snail-covered altar of Cheibriados.
  2425 | D:3      | Found a bloodstained altar of Trog.
  2425 | D:3      | Found an iron altar of Okawaru.
  2609 | D:3      | Reached XP level 5. HP: 40/40 MP: 5/5
  2793 | D:4      | Reached skill level 1 in Stealth
  2853 | D:4      | Reached skill level 6 in Ranged Weapons
  2861 | D:4      | Reached XP level 6. HP: 31/47 MP: 6/6
  3218 | D:4      | Found a glowing silver altar of Zin.
  3255 | D:4      | Noticed Natasha
  3260 | D:4      | Killed Natasha
  3261 | D:4      | Noticed Natasha
  3263 | D:4      | Killed Natasha
  3433 | D:4      | Noticed an ice beast
  3447 | D:4      | Killed an ice beast
  3448 | D:4      | Reached skill level 7 in Ranged Weapons
  3448 | D:4      | Reached XP level 7. HP: 35/53 MP: 7/7
  4014 | D:5      | Entered Level 5 of the Dungeon
  4102 | D:4      | Noticed Natasha
  4106 | D:4      | Killed Natasha
  4417 | D:5      | Found a shadowy altar of Dithmenos.
  4720 | D:5      | Found a blossoming altar of Fedhas.
  4997 | D:6      | Noticed a steam dragon
  5004 | D:6      | Killed a steam dragon
  5005 | D:6      | Reached XP level 8. HP: 57/61 MP: 8/8
  5016 | D:5      | Reached skill level 5 in Fighting
  5184 | D:6      | Reached skill level 8 in Ranged Weapons
  5562 | D:6      | Reached skill level 5 in Dodging
  5796 | D:6      | Found an opulent altar of Gozag.
  5812 | D:6      | Reached skill level 9 in Ranged Weapons
  5866 | D:6      | Reached XP level 9. HP: 58/69 MP: 9/9
  6073 | D:6      | Found a runed translucent door.
  6074 | D:6      | Noticed Zaque's ghost (novice OpTm)
  6190 | D:7      | Found a staircase to the Ecumenical Temple.
  6207 | Temple   | Entered the Ecumenical Temple
  6421 | Temple   | Became a worshipper of Ashenzari the Shackled
  6530 | D:7      | Reached skill level 10 in Ranged Weapons
  6551 | D:7      | Mangled by an orc warrior

Illustrated notes

Levels and vault maps discovered:
D:1:      co_arrival_random_square_maze, layout_loops_ring,
          ebering_ecumenical_altar_webs, st_stairs_4, minmay_misc_feat_enclosed,
          chequers_jeans
D:2:      layout_loops_ring, uniq_crazy_yiuf_cottage, uniq_terence, uniq_robin
D:3:      layout_rooms, mainiacjoe_overflow_brackets,
          grunt_temple_overflow_bloody_war, kennysheep_generic_room_14
D:4:      layout_basic, overflow_temple_1_default, serial_co_window_serial,
          co_window_of_opportunity_a, co_window_paths_b, co_window_corner_a,
          co_window_corner_a, co_window_paths_b, co_window_unsneaky_path_d,
          co_window_of_opportunity_b, co_window_of_opportunity_c,
          co_window_unsneaky_path_e, glass_columns_b, glass_columns_b,
          glass_columns_b, uniq_natasha
D:5:      layout_basic, mainiacjoe_overflow_small_starburst,
          mainiacjoe_overflow_alcove_1, hangedman_abyss_or_decor_stabs,
          dreamdust_princess_bridge, grunt_decor_fettered
D:6:      layout_rooms, mainiacjoe_overflow_surrounded_room,
          ebering_ghost_reflecting_pool, minmay_statues_item,
          serial_park_tiny_pond, minmay_bent
D:7:      minmay_blocky_corners, layout_basic, lemuel_doored_altar,
          mainiacjoe_overflow_alcove_4, minmay_temple_entry_stoned_glass,
          serial_shops, nicolae_shop_bloodbath_and_beyond
Temple:   grunt_temple_mini_profane

Skill      XL: |  1  2  3  4  5  6  7  8  9 |
---------------+----------------------------+-----
Armour         | 1 2 3 4 |  4.6
Ranged Weapons | 5 6 7 9 10 | 10.0
Stealth        | 1 |  1.2
Fighting       | 3 4 5 6 |  6.2
Dodging        | 3 4 5 |  5.7

Action                   |  1- 3 |  4- 6 |  7- 9 || total
-------------------------+-------+-------+-------++-------
 Fire: Shortbow          |    56 |   163 |   246 ||   465
 Abil: Hop               |     2 |     8 |     6 ||    16
Evoke: Wand              |       |       |     1 ||     1
  Use: Potion            |     2 |     2 |       ||     4
       Scroll            |       |     6 |     7 ||    13
Armor: Leather armour    |     2 |    23 |    36 ||    61
Dodge: Dodged            |     8 |    48 |   104 ||   160

Table legend: (Time is in decaauts)
 A = Elapsed time spent in this place.
 B = Non-inter-level travel time spent in this place.
 C = Inter-level travel time spent in this place.
 D = Time resting spent in this place.
 E = Time spent auto-exploring this place.
 F = Levels seen in this place.
 G = Mean time per level.
                   A        B        C        D        E       F      G
               +--------+--------+--------+--------+--------+-----+--------+
         Total |   7483 |   6911 |    572 |    254 |   5379 |   8 |  935.4 |
       Dungeon |   7205 |   6672 |    533 |    254 |   5379 |   7 | 1029.3 |
        Temple |    278 |    239 |     39 |      0 |      0 |   1 |  278.0 |
               +--------+--------+--------+--------+--------+-----+--------+

Top non-repeatable levels by time:
     D:4: 1729 daAuts
     D:2: 1364 daAuts
     D:5: 1258 daAuts
     D:6: 922 daAuts
     D:1: 893 daAuts
     D:3: 801 daAuts
  Temple: 278 daAuts
     D:7: 234 daAuts
